 Dungeon Crawl Stone Soup version 0.23-a0-391-g8c51ad5 (webtiles) character file.

294 namelastname112 the Chopper (level 6, -6/52 HPs)
             Began as a Draconian Gladiator on Oct 30, 2018.
             Mangled by an ogre
             ... wielding a +0 giant club
              (34 damage)
             ... on level 4 of the Dungeon.
             The game lasted 00:05:09 (3298 turns).

namelastname112 the Chopper (Draconian Gladiator)   Turns: 3298, Time: 00:05:10

Health: -6/52      AC:  6    Str: 16    XL:     6   Next: 11%
Magic:  6/6        EV: 14    Int:  9    God:
Gold:   205        SH:  0    Dex: 14    Spells: 5/5 levels left

rFire    + . .     SeeInvis .   a - +0 war axe
rCold    + . .     Gourm    .   (no shield)
rNeg     . . .     Faith    .   (armour unavailable)
rPois    .         Spirit   .   b - +0 hat
rElec    .         Reflect  .   m - scarf {rC+ rF+}
rCorr    .         Harm     +   (no gloves)
MR       .....                  (no boots)
Stlth    +.........             j - amulet of harm
HPRegen  0.17/turn              (no ring)
MPRegen  0.10/turn              (no ring)

@: no status effects
A: unfitting armour, cold-blooded, AC +6
a: no special abilities


You were on level 4 of the Dungeon.
You were hungry.

You visited 1 branch of the dungeon, and saw 4 of its levels.

You collected 205 gold pieces.

Inventory:

Hand Weapons
 a - a +0 war axe (weapon)
Missiles
 c - 3 throwing nets (quivered)
Armour
 b - a +0 hat (worn)
 m - a scarf of resistance (worn)
Jewellery
 j - an amulet of harm (around neck)
Wands
 l - a wand of digging (4)
 n - a wand of flame (15)
 p - a wand of clouds (8)
Scrolls
 e - a scroll of identify {unknown}
 f - 2 scrolls of enchant weapon {unknown}
 g - 2 scrolls of fog {unknown}
 i - 3 scrolls of remove curse {unknown}
Potions
 h - 4 potions of curing {unknown}
 k - a potion of berserk rage {unknown}
 o - a potion of haste {unknown}
Comestibles
 d - 10 rations


   Skills:
 + Level 3.6 Fighting
 * Level 4.9 Axes
 + Level 3.0 Throwing
 + Level 3.6 Dodging


You had 5 spell levels left.
You didn't know any spells.
Your spell library was empty.

Dungeon Overview and Level Annotations

Branches:
Dungeon (4/15)
 Temple: D:4-7

Altars:
Sif Muna


Innate Abilities, Weirdness & Mutations

Your plain brown scales are hard. (AC +6)
You cannot fit into any form of body armour.
You are cold-blooded and may be slowed by cold attacks.


Message History

An ogre comes into view. It is wielding a +0 giant club.
You regained 2 hp, and now have 49/52 hp.
An ogre is nearby!
An ogre is nearby!
An ogre is nearby!
You are feeling hungry.
The ogre shouts!
You hit the ogre.
The ogre is lightly wounded.
The ogre hits you with a +0 giant club!
You take 16 damage, and have 34/52 hp.
MASSIVE DAMAGE!!
You barely miss the ogre. You tail-slap the ogre.
The ogre is moderately wounded.
The ogre hits you with a +0 giant club.
You take 6 damage, and have 28/52 hp.
You closely miss the ogre.
The ogre is moderately wounded.
The ogre hits you with a +0 giant club!!
Ouch! That really hurt!
You die...

# #######.# #.......
##....###
#.......####.#
#########.....O...)..#
###.............@.##
....#########...###
##..# ####...######
#..# #............
#<.# #.###.###### #..#
# ##.# ##..# #..#
##..# #[## ....######
#.#


You could see an ogre.

Vanquished Creatures
  A phantom (D:4)
  A centaur skeleton (D:4)
  Ijyb (D:4)
  A worker ant (D:3)
  4 adders
  2 gnolls (D:3)
  4 worms
  A dart slug (D:2)
  A leopard gecko (D:1)
  A ball python (D:2)
  6 giant cockroaches
  4 goblins
  6 hobgoblins
  5 jackals (D:2)
  A quokka (D:2)
  11 bats
  8 frilled lizards
  4 kobolds
  4 rats
66 creatures vanquished.

Notes
Turn   | Place    | Note
-------+----------+-------------------------------------------
     0 | D:1      | namelastname112 the Draconian Gladiator began the quest for
                  | the Orb.
     0 | D:1      | Reached XP level 1. HP: 17/17 MP: 1/1
   315 | D:1      | Reached XP level 2. HP: 16/25 MP: 2/2
  1214 | D:2      | Reached XP level 3. HP: 30/30 MP: 3/3
  1825 | D:3      | Reached XP level 4. HP: 37/37 MP: 4/4
  1887 | D:3      | Reached skill level 4 in Axes
  2385 | D:3      | Found a deep blue altar of Sif Muna.
  2662 | D:4      | Reached XP level 5. HP: 31/45 MP: 5/5
  2760 | D:4      | Noticed a phantom
  2791 | D:4      | Killed a phantom
  2822 | D:4      | Noticed an ogre
  3059 | D:3      | Reached XP level 6. HP: 51/51 MP: 6/6
  3251 | D:4      | Noticed Ijyb
  3274 | D:4      | Killed Ijyb
  3298 | D:4      | Mangled by an ogre

Vault maps used:
D:1:      ebering_trefoil_3fold, serial_co_window_serial, co_window_corner_a,
          co_window_corner_a, co_window_corner_a, co_window_corner_a,
          co_window_cross_1, co_window_paths_a, co_window_broadway_b,
          co_window_corner_cb, co_window_of_opportunity_b, co_window_broadway_a,
          co_window_corner_ca, co_window_corner_b, glass_columns_b,
          glass_columns_c, glass_columns_c, glass_columns_a
D:2:      kennysheep_donut, minmay_misc_feat_roman
D:3:      lemuel_blue_sif_altar
D:4:      old_standard_altar, first_ration, uniq_ijyb

Skill      XL: |  1  2  3  4  5 |
---------------+----------------+-----
Throwing       | 2 3 |  3.0
Dodging        | 3 |  3.6
Fighting       | 3 |  3.6
Axes           | 4 |  4.9

Action                   |  1- 3 |  4- 6 || total
-------------------------+-------+-------++-------
Melee: War axe           |   113 |   107 ||   220
       Tailslap          |    15 |    19 ||    34
 Stab: Sleeping          |     1 |       ||     1
  Eat: Chunk             |     3 |     1 ||     4
       Ration            |       |     1 ||     1
Armor: Skin              |    40 |    33 ||    73
Dodge: Dodged            |   115 |    75 ||   190

Table legend:
 A = Non-vault XP
 B = Vault XP
 C = Vault XP percentage of total XP
 D = Non-vault monster count
 E = Vault monster count
 F = Vault count percentage of total count
                 A         B        C        D         E       F
            +---------+---------+-------+---------+---------+-------
      Total |     384 |      36 |   8.6 |      65 |       1 |   1.5
            +---------+---------+-------+---------+---------+-------
        D:1 |      17 |       0 |   0.0 |      11 |       0 |   0.0
        D:2 |      62 |       0 |   0.0 |      27 |       0 |   0.0
        D:3 |     139 |       0 |   0.0 |      23 |       0 |   0.0
        D:4 |     166 |      36 |  17.8 |       4 |       1 |  20.0
            +---------+---------+-------+---------+---------+-------
